 Dungeon Crawl Stone Soup version 0.20.1-1-g8b1a95d (webtiles) character file.

21153 dohliylev the Unseen (level 12, 0/85 HPs)
             Began as a Vampire Enchanter on July 15, 2017.
             Was a Priest of Nemelex Xobeh.
             Slain by a merfolk siren
             ... wielding a +0 trident
              (7 damage)
             ... on level 2 of the Lair of Beasts.
             The game lasted 01:06:42 (14072 turns).

dohliylev the Unseen (Vampire Enchanter)           Turns: 14072, Time: 01:06:42

Health: 0/85       AC:  5    Str:  5 (7)  XL:     12   Next: 51%
Magic:  1/21       EV: 20    Int: 20 (21) God:    Nemelex Xobeh [***...]
Gold:   619        SH:  0    Dex: 14 (16) Spells: 9/23 levels left

rFire    + . .     SeeInvis +   a - +2 dagger (speed)
rCold    + . .     Gourm    .   (no shield)
rNeg     + + .     Faith    .   b - +0 robe
rPois    +         Spirit   .   t - +0 helmet
rElec    .         Reflect  .   v - +0 cloak
rCorr    .         Harm     .   E - +0 pair of gloves
MR       ++...                  (no boots)
Stlth    +++++++...             (no amulet)
Regen    0.2/turn               J - ring of protection from magic
MPRegen  0.2/turn               O - ring of protection from fire

@: about to teleport, mesmerised, very slightly contaminated, regenerating
slowly
A: fangs 3, see invisible, unbreathing
a: Bat Form, Triple Draw, Renounce Religion


You were on level 2 of the Lair of Beasts.
You worshipped Nemelex Xobeh.
Nemelex Xobeh was most pleased with you.
You were thirsty.

You visited 3 branches of the dungeon, and saw 13 of its levels.

You collected 619 gold pieces.

Inventory:

Hand Weapons
 a - a +2 dagger of speed (weapon)
 c - a +0 dagger of venom
 s - a +1 dagger of venom
 P - a cursed -3 dagger
Armour
 b - a +0 robe (worn)
 t - a +0 helmet (worn)
 v - a +0 cloak (worn)
 E - a +0 pair of gloves (worn)
 K - a +3 leather armour of cold resistance
Magical Staves
 T - an uncursed staff of fire
 W - an uncursed staff of conjuration {unknown}
Jewellery
 J - a ring of protection from magic (left hand)
 O - a ring of protection from fire (right hand)
Wands
 j - a wand of flame (15/48)
 u - a wand of acid (10/15)
 N - a wand of lightning (6/15)
 R - a wand of enslavement (16/24)
 S - a wand of scattershot (4/9)
Scrolls
 e - 12 scrolls of identify
 g - 3 scrolls of teleportation
 k - a scroll of noise {unknown}
 l - 4 scrolls of immolation {unknown}
 m - 3 scrolls of enchant armour {unknown}
 p - 2 scrolls of recharging {unknown}
 q - 6 scrolls of remove curse
 r - 2 scrolls of magic mapping {unknown}
 w - 3 scrolls of fog {unknown}
 y - a scroll of fear {unknown}
 G - a scroll of enchant weapon {unknown}
 H - a scroll of vulnerability {unknown}
 M - 2 scrolls of blinking {unknown}
Potions
 d - 36 potions of blood
 f - 2 potions of invisibility {unknown}
 h - 2 potions of agility {unknown}
 i - a potion of berserk rage {unknown}
 n - 3 potions of flight {unknown}
 o - 5 potions of lignification
 x - a potion of might
 z - 4 potions of haste
 A - a potion of cancellation {unknown}
 B - 2 potions of brilliance {unknown}
 D - a potion of resistance {unknown}
 F - 3 potions of degeneration
 I - 2 potions of curing {unknown}
 Q - a potion of mutation {unknown}
 V - a potion of ambrosia {unknown}
Miscellaneous
 L - a plain deck of destruction {drawn: 1}
 U - an ornate deck of escape
 X - an ornate deck of destruction


   Skills:
 + Level 4.8 Fighting
 - Level 10.1 Short Blades
 + Level 12.6 Dodging
 - Level 15.1 Stealth
 - Level 6.0 Spellcasting
 - Level 0.3 Conjurations
 - Level 9.0 Hexes
 - Level 5.3 Ice Magic


You had 9 spell levels left.
You knew the following spells:

 Your Spells              Type           Power        Failure   Level  Hunger
a - Corona                Hex            #####..      1%          1    None
b - Ensorcelled Hibernat  Hex/Ice        ####..       1%          2    None
c - Confuse               Hex            #####...     1%          3    ##.....
d - Blink                 Tloc           N/A          16%         2    None
e - Mephitic Cloud        Conj/Pois/Air  #.......     30%         3    ##.....
f - Dazzling Spray        Conj/Hex       ###...       4%          3    ##.....


Dungeon Overview and Level Annotations

Branches:
Dungeon (10/15)            Temple (1/1) D:4            Lair (2/6) D:10
 Shoals (0/4) Lair:2
  Snake: Lair:2-4    Spider: Lair:2-4       Orc: D:9-12

Altars:
Ashenzari
Cheibriados
Dithmenos
Elyvilon
Fedhas
Gozag
Hepliaklqana
Kikubaaqudgha
Makhleb
Nemelex Xobeh
Okawaru
Qazlal
Ru
Sif Muna
Trog
Uskayaw
Vehumet
Xom
Yredelemnul
Zin
The Shining One

Shops:
D:9 [

Portals:
Trove: D:10 (give 4 potions of resistance)


Innate Abilities, Weirdness & Mutations

You heal slowly.
You have razor-sharp teeth.
You have supernaturally acute eyesight. (SInv)
You can survive without breathing.


Message History

As you read the scroll of teleportation, it crumbles to dust.
You feel strangely unstable.
The merfolk siren chants its luring song.
The merfolk siren closely misses you. The merfolk closely misses you.
The merfolk hits you from afar with a trident!
* * * LOW HITPOINT WARNING * * *
Okay, then.
The merfolk siren chants its luring song. x2
The merfolk siren chants its luring song. x2
You cannot move away from the merfolk siren!
Casting: Mephitic Cloud
Confirm with . or Enter, or press ? or * to list all spells.
You miscast Blink.
You feel a wrenching sensation.
The merfolk hits you from afar with a trident.
* * * LOW HITPOINT WARNING * * *
The merfolk completely misses you.
The merfolk siren chants its luring song.
The merfolk siren hits you with a trident!
You die...
Your body glows slightly and disappears.

.....###P.####..#
.....# #.+## #..#
.....# #...###(.#
.....# #.....#..#
.....# #.'####..#
.....####.###...#
.......##.##....##
..............m..#
..............m.@#
..............mm##
..........<.....#
................##
......#####.#P...#
#.....###..###..##
#.....#.........##
#................#
##...#####...#..##


You could see 2 merfolk and 2 merfolk sirens.

Vanquished Creatures
  Erolcha (D:9)
  A hydra (Lair:2)
  The ghost of jojo4000 the Cleaver, a novice MiBe of Trog (D:8)
  7 two-headed ogres
  Pikel (D:4)
  Maurice (D:9)
  5 elephants (Lair:2)
  A torpor snail (Lair:2)
  3 spiny frogs (Lair:2)
  2 trolls
  A queen bee (D:8)
  3 hippogriffs
  8 yaks
  Sigmund (D:2)
  Eustachio (D:4)
  A basilisk (D:10)
  Grum (D:8)
  3 hungry ghosts
  Menkaure (D:4)
  4 water moccasins
  4 porcupines
  3 orc warriors
  6 sky beasts
  A slave (D:4)
  An ice beast (D:5)
  A black bear (D:6)
  12 wolves
  3 phantoms (D:9)
  7 ogres
  A centaur (D:9)
  A crocodile (Lair:1)
  A big kobold (D:10)
  10 bullfrogs
  A gnoll sergeant (D:5)
  3 scorpions
  18 killer bees
  A wight (D:9)
  An electric eel (D:8)
  3 howler monkeys (D:9)
  8 crimson imps
  2 quasits (D:10)
  2 bullfrog zombies
  4 orc priests (D:8)
  A gnoll shaman (D:5)
  5 hounds
  3 jellies
  13 orc wizards
  5 bullfrog skeletons
  An iguana (D:9)
  Natasha (D:3)
  6 worker ants
  2 hound skeletons
  Robin (D:2)
  16 gnolls
  9 adders
  2 shadow imps
  An ooze (D:5)
  An adder skeleton (D:8)
  An adder zombie (D:6)
  5 worms
  3 dart slugs
  6 leopard geckos
  42 orcs
  5 giant cockroaches
  15 goblins
  10 hobgoblins
  23 jackals
  5 quokkas
  8 bats
  6 frilled lizards
  14 kobolds
  A leopard gecko skeleton (D:5)
  12 rats
  A spectral orc (D:9)
365 creatures vanquished.

Vanquished Creatures (others)
  A gnoll (D:4)
  An ooze (D:1)
  An orc (D:9)
  2 bats (D:1)
  A fungus (Lair:2)
6 creatures vanquished.

Grand Total: 371 creatures vanquished

Notes
Turn   | Place    | Note
-------+----------+-------------------------------------------
     0 | D:1      | dohliylev the Vampire Enchanter began the quest for the Orb.
     0 | D:1      | Reached XP level 1. HP: 13/13 MP: 3/3
   631 | D:1      | Reached skill level 5 in Stealth
   631 | D:1      | Reached XP level 2. HP: 20/20 MP: 5/5
   730 | D:1      | Learned a level 2 spell: Ensorcelled Hibernation
  1400 | D:1      | Reached XP level 3. HP: 25/25 MP: 1/6
  1511 | D:2      | Found a deep blue altar of Sif Muna.
  1624 | D:2      | Found a blossoming altar of Fedhas.
  1733 | D:2      | Reached skill level 1 in Fighting
  1770 | D:2      | Noticed Sigmund
  1772 | D:2      | Killed Sigmund
  1772 | D:2      | Reached skill level 7 in Stealth
  1772 | D:2      | Reached XP level 4. HP: 32/32 MP: 7/7
  1772 | D:2      | Reached XP level 5. HP: 37/37 MP: 8/8
  1817 | D:2      | Reached skill level 5 in Hexes
  2326 | D:3      | Noticed Robin
  2334 | D:2      | Killed Robin
  2583 | D:3      | Reached XP level 6. HP: 43/43 MP: 9/9
  2630 | D:3      | Found a stormy altar of Qazlal.
  2668 | D:3      | Reached skill level 8 in Stealth
  2936 | D:3      | Noticed Natasha
  2946 | D:3      | Killed Natasha
  3618 | D:4      | Noticed Eustachio
  3624 | D:4      | Reached skill level 5 in Short Blades
  3705 | D:3      | You fall through a shaft for 2 floors!
  3705 | D:5      | Entered Level 5 of the Dungeon
  3771 | D:5      | Reached XP level 7. HP: 36/48 MP: 4/10
  3898 | D:5      | Found a burning altar of Makhleb.
  3924 | D:5      | Found a hide-covered altar of Uskayaw.
  4848 | D:5      | Reached XP level 8. HP: 54/54 MP: 4/11
  5012 | D:6      | Reached skill level 1 in Ice Magic
  5104 | D:6      | You fall through a shaft for 2 floors!
  5124 | D:8      | Noticed jojo4000's ghost (novice MiBe)
  5165 | D:8      | Found a white marble altar of Elyvilon.
  5179 | D:9      | Reached skill level 9 in Stealth
  5322 | D:9      | Learned a level 3 spell: Confuse
  5381 | D:9      | Found a basalt altar of Yredelemnul.
  5808 | D:9      | Reached skill level 10 in Stealth
  5935 | D:9      | Found Ludule's Armour Boutique.
  6046 | D:8      | Noticed Grum
  6070 | D:8      | Reached XP level 9. HP: 36/59 MP: 4/15
  6139 | D:9      | Reached skill level 11 in Stealth
  6449 | D:9      | Reached skill level 12 in Stealth
  6495 | D:9      | Reached skill level 5 in Spellcasting
  6748 | D:9      | Noticed a two-headed ogre
  6760 | D:9      | Killed a two-headed ogre
  6805 | D:9      | Noticed a two-headed ogre
  6812 | D:9      | Killed a two-headed ogre
  6812 | D:9      | Reached XP level 10. HP: 65/65 MP: 17/17
  6866 | D:9      | Noticed Erolcha
  6874 | D:9      | Killed Erolcha
  7049 | D:9      | Noticed Maurice
  7076 | D:9      | Killed Maurice
  7288 | D:8      | Reached skill level 13 in Stealth
  7567 | D:7      | Found a shattered altar of Ashenzari.
  8128 | D:4      | Noticed Pikel
  8148 | D:4      | Killed Pikel
  8390 | D:4      | Noticed Menkaure
  8397 | D:4      | Killed Menkaure
  8485 | D:4      | Killed Eustachio
  8485 | D:4      | Reached XP level 11. HP: 72/72 MP: 17/20
  8500 | D:4      | Found a staircase to the Ecumenical Temple.
  8586 | Temple   | Entered the Ecumenical Temple
  8601 | Temple   | Became a worshipper of Nemelex Xobeh the Trickster
  8704 | D:6      | Received a gift from Nemelex Xobeh
  8871 | D:6      | Reached skill level 5 in Ice Magic
  9106 | D:6      | Reached skill level 14 in Stealth
  9545 | D:7      | Found a snail-covered altar of Cheibriados.
  9545 | D:7      | Found a shattered altar of Ashenzari.
  9547 | D:7      | Reached * piety under Nemelex Xobeh
  9547 | D:7      | Found a shimmering altar of Xom.
  9547 | D:7      | Found a radiant altar of Vehumet.
  9600 | D:7      | Found a glowing silver altar of Zin.
  9947 | D:8      | Found a glowing golden altar of the Shining One.
 10028 | D:8      | Noticed a two-headed ogre
 10054 | D:8      | Killed a two-headed ogre
 10347 | D:8      | Reached skill level 15 in Stealth
 10371 | D:8      | Killed Grum
 10481 | D:8      | Noticed a two-headed ogre
 10491 | D:8      | Killed a two-headed ogre
 10571 | D:8      | Killed jojo4000's ghost
 11126 | D:9      | Noticed a two-headed ogre
 11132 | D:9      | Killed a two-headed ogre
 11255 | D:9      | Reached skill level 10 in Dodging
 11344 | D:10     | Entered Level 10 of the Dungeon
 11400 | D:10     | Noticed a two-headed ogre
 11410 | D:10     | Killed a two-headed ogre
 11479 | D:10     | Learned a level 2 spell: Blink
 11483 | D:10     | Learned a level 3 spell: Mephitic Cloud
 11487 | D:10     | Learned a level 3 spell: Dazzling Spray
 11891 | D:10     | Noticed a two-headed ogre
 11895 | D:10     | Killed a two-headed ogre
 11902 | D:10     | Reached ** piety under Nemelex Xobeh
 11930 | D:10     | Found a staircase to the Lair.
 11994 | D:10     | Reached XP level 12. HP: 83/83 MP: 1/21
 12205 | D:10     | Found a portal to a secret trove of treasure.
 12218 | D:10     | Treasure
 12312 | Lair:1   | Entered Level 1 of the Lair of Beasts
 12358 | Lair:1   | Received a gift from Nemelex Xobeh
 13243 | Lair:2   | Reached skill level 10 in Short Blades
 13270 | Lair:2   | Noticed a four-headed hydra
 13272 | Lair:2   | Reached *** piety under Nemelex Xobeh
 13277 | Lair:2   | Killed a four-headed hydra
 13753 | Lair:2   | Received a gift from Nemelex Xobeh
 14026 | Lair:2   | Found a staircase to the Shoals.
 14062 | Lair:2   | HP: 6/127 [merfolk/trident (3)]
 14072 | Lair:2   | Slain by a merfolk siren

Skill      XL: |  1  2  3  4  5  6  7  8  9 10 11 12 |
---------------+-------------------------------------+-----
Stealth        | 5 7 8 10 12 13 15 | 15.1
Short Blades   | 2 3 4 5 8 9 10 | 10.1
Fighting       | 1 3 4 |  4.8
Hexes          | 5 6 7 9 |  9.0
Ice Magic      | 2 4 5 |  5.3
Spellcasting   | 4 5 6 |  6.0
Dodging        | 3 8 10 12 | 12.6
Conjurations   | |  0.3

Action                   |  1- 3 |  4- 6 |  7- 9 | 10-12 || total
-------------------------+-------+-------+-------+-------++-------
Melee: Dagger            |   140 |   180 |   183 |   471 ||   974
       Bite              |    10 |    11 |    14 |    39 ||    74
       Unarmed           |       |       |     2 |       ||     2
 Cast: Ensorcelled Hiber |     6 |    37 |    56 |   182 ||   281
       Corona            |     2 |       |       |     1 ||     3
       Confuse           |       |       |    11 |    19 ||    30
       Dazzling Spray    |       |       |       |     2 ||     2
       Mephitic Cloud    |       |       |       |     1 ||     1
       Blink             |       |       |       |     2 ||     2
 Abil: End Transformatio |       |       |     1 |     3 ||     4
       Bat Form          |       |       |     1 |     3 ||     4
Evoke: Deck              |       |       |       |     1 ||     1
  Use: Potion            |       |       |    10 |    11 ||    21
       Scroll            |       |       |     5 |     1 ||     6
 Stab: Sleeping          |    13 |    29 |    51 |   143 ||   236
       Distracted        |       |     3 |     1 |     3 ||     7
       Confused          |       |       |     4 |    14 ||    18
  Eat: Corpse            |    10 |    13 |     3 |     1 ||    27
Armor: Robe              |    39 |    26 |    11 |    32 ||   108
       Skin              |       |       |       |     5 ||     5
Dodge: Dodged            |    85 |    84 |    90 |   292 ||   551
Block: Shield            |    18 |       |       |       ||    18
